 Dungeon Crawl Stone Soup version 0.32-a0-131-g9dbbe29261 (webtiles) character file.

Game seed: 10720154527824545023

5487 dialectric the Changeling (level 10, -1/96 HPs)
             Began as a Troll Shapeshifter on Feb 8, 2024.
             Was a High Priest of Cheibriados.
             Slain by a two-headed ogre
             ... wielding a +0 giant club
              (14 damage)
             ... on level 9 of the Dungeon.
             The game lasted 00:09:51 (7211 turns).

dialectric the Changeling (Troll Shapeshifter)      Turns: 7211, Time: 00:09:52

Health: -1/96      AC: 11    Str: 39    XL:     10   Next: 42%
Magic:  9/9        EV: 14    Int: 19    God:    Cheibriados [*****.]
Gold:   366        SH:  0    Dex: 24    Spells: 9/9 levels left

rFire   . . .        n - +1 trident (protect)
rCold   . . .        (no shield)
rNeg    . . .        a - +0 animal skin
rPois   .            (helmet currently unavailable)
rElec   .            (cloak currently unavailable)
rCorr   .            (gloves unavailable)
SInv    .            (boots unavailable)
Will    +....        A - amulet of the acrobat
Stlth   ++           o - ring of willpower
HPRegen 1.16/turn    (no ring)
MPRegen 0.11/turn

%: acrobat
@: beast-form, under a protective aura, very slow
A: beast (slay +3), large, unfitting armour, claws 3, regeneration 1, shaggy fur
1, tough skin 1
a: Begin Untransformation, Renounce Religion, Bend Time, Temporal Distortion,
Slouch, Step From Time


You were on level 9 of the Dungeon.
You worshipped Cheibriados.
Cheibriados was extremely pleased with you.
You were a hulking beast.
You visited 1 branch of the dungeon, and saw 9 of its levels.

You collected 416 gold pieces.
You spent 50 gold pieces at shops.

Inventory:

Hand Weapons
 n - a +1 trident of protection (weapon)
Missiles
 j - 15 poisoned darts (quivered)
 x - a curare-tipped dart
 G - a throwing net
Armour
 a - a +0 animal skin (worn)
 p - a +0 kite shield
 y - a +0 cloak
Jewellery
 o - a ring of willpower (left claw)
 A - an amulet of the acrobat (around neck)
 B - a ring of see invisible
Talismans
 c - a beast talisman
 d - a flux talisman
Wands
 e - a wand of charming (21)
 m - a wand of quicksilver (10)
 r - a wand of flame (44)
 w - a wand of digging (1)
 D - a wand of mindburst (12)
 E - a wand of iceblast (6)
Scrolls
 g - 2 scrolls of torment {unknown}
 h - 2 scrolls of teleportation
 i - 2 scrolls of revelation {unknown}
 k - 3 scrolls of fear
 u - a scroll of noise {unknown}
 z - a scroll of immolation {unknown}
 C - a scroll of enchant weapon {unknown}
 H - a scroll of identify
Potions
 b - 3 potions of lignification
 f - a potion of resistance
 l - a potion of curing
 q - a potion of might
 s - 4 potions of haste
 t - 2 potions of heal wounds
 v - a potion of enlightenment
 F - a potion of brilliance {unknown}


   Skills:
 + Level 5.3 Fighting
 + Level 6.1 Polearms
 + Level 4.5 Armour
 + Level 5.5 Dodging
 + Level 4.8 Shields
 - Level 3.4 Unarmed Combat
 + Level 6.6 Shapeshifting


You had 9 spell levels left.
You didn't know any spells.
Your spell library contained the following spells:

 Spells                   Type           Power      Damage    Failure   Level
 Summon Small Mammal      Summ           0%         N/A       21%         1
 Call Imp                 Summ           0%         N/A       30%         2
 Ensorcelled Hibernation  Hex/Ice        0%         N/A       30%         2
 Lesser Beckoning         Tloc           0%         N/A       30%         2
 Mercury Vapours          Alch/Air       0%         N/A       30%         2
 Call Canine Familiar     Summ           0%         N/A       52%         3
 Fugue of the Fallen      Necr           0%         N/A       52%         3
 Anguish                  Hex/Necr       0%         N/A       90%         4
 Summon Blazeheart Golem  Fire/Summ      0%         N/A       90%         4


Dungeon Overview and Level Annotations

Branches:
Dungeon (9/15)             Temple (0/1) D:6
   Lair: D:8-11         Orc: D:9-12

Altars:
Cheibriados
Gozag
Kikubaaqudgha
Trog
Uskayaw
Zin
The Shining One

Shops:
D:3 [=!=[

Annotations:
D:6 3 runed translucent doors, Azoth's ghost, amateur GrEE; Daunt's ghost, novice MfAl; zeratav's ghost, novice OpSh


Innate Abilities, Weirdness & Mutations

You are a hulking beast.
Your limbs bulge with bestial killing power. (Slay +3)
You are too large for most types of armour.
You have claws for hands.
Your natural rate of healing is unusually fast.
You are covered in fur. (AC +1)
You have tough skin. (AC +1)


Message History

a +0 club; a +0 leather armour; a howler monkey corpse
Found a stone staircase leading down.
There is a stone staircase leading down here.
A two-headed ogre comes into view. It is wielding two +0 giant clubs.
The two-headed ogre shouts in stereo!
You hit the two-headed ogre.
Your weapon exudes an aura of protection.
The two-headed ogre is lightly wounded.
The two-headed ogre hits you with a +0 giant club!
The two-headed ogre barely misses you.
A two-headed ogre is nearby!
You barely miss the two-headed ogre. You claw the two-headed ogre.
The two-headed ogre is lightly wounded.
You hit the two-headed ogre.
The two-headed ogre is lightly wounded.
The two-headed ogre hits you with a +0 giant club!
The two-headed ogre hits you with a +0 giant club!!
You are too injured to fight recklessly!
You are too injured to fight recklessly!
You are too injured to fight recklessly!
You are too injured to fight recklessly!
You are too injured to fight recklessly!
You are too injured to fight recklessly!
You are too injured to fight recklessly!
You hit the two-headed ogre.
The two-headed ogre is lightly wounded.
The two-headed ogre hits you with a +0 giant club!!
* * * LOW HITPOINT WARNING * * *
The two-headed ogre hits you with a +0 giant club!
* * * LOW HITPOINT WARNING * * *
You puncture the two-headed ogre!
The two-headed ogre is moderately wounded.
Unknown command.
Unknown command.
You barely miss the two-headed ogre.
The two-headed ogre is moderately wounded.
The two-headed ogre hits you but does no damage.
The two-headed ogre hits you with a +0 giant club!
You die...
Cheibriados appreciates the motionlessness of death.

#..# #..#
#..# #.##
#..# #.# #.#
#.# # #.#
#.###.#
###...#.#####
#.....h.....#
#.###O#.###.#
#.#.# #.#.#
....# ###.#
#.# #.#


You could see a two-headed ogre.

Vanquished Creatures
  A two-headed ogre (D:6)
  Pikel (D:4)
  6 yaks (D:8)
  Eustachio (D:3)
  A steam dragon (D:6)
  An ice beast (D:7)
  5 sky beasts
  2 black bears
  2 centaurs (D:8)
  2 lemures (D:3)
  2 kobold brigands
  3 bullfrogs
  3 scorpions
  9 wights
  7 killer bees (D:8)
  2 howler monkeys (D:9)
  A centaur zombie (D:8)
  2 jellies
  5 hounds
  6 orc priests
  A gnoll bouda (D:9)
  Jessica (D:2)
  Terence (D:3)
  4 iguanas
  Natasha (thrice) (D:3)
  4 orc wizards
  2 killer bee zombies (D:8)
  An ogre zombie (D:8)
  A mummy (D:8)
  Robin (D:3)
  4 gnolls
  4 adders
  A shadow imp (D:6)
  A white imp (D:6)
  2 ufetubi (D:5)
  A ribbon worm (D:2)
  A dart slug (D:1)
  24 orcs
  5 endoplasms
  2 giant cockroaches (D:4)
  10 hobgoblins
  2 jackals (D:4)
  12 kobolds
  3 quokkas
  9 ball pythons
  9 bats
  2 frilled lizards
  16 goblins
  6 rats
195 creatures vanquished.

Notes
Turn   | Place    | Note
-------+----------+-------------------------------------------
     0 | D:1      | dialectric the Troll Shapeshifter began the quest for the
                  | Orb.
     0 | D:1      | Reached XP level 1. HP: 18/18 MP: 0/0
   181 | D:1      | Reached skill level 1 in Fighting
   181 | D:1      | Reached XP level 2. HP: 16/27 MP: 1/1
   643 | D:1      | Reached XP level 3. HP: 31/33 MP: 2/2
   833 | D:1      | Found a faded altar of an unknown god.
   842 | D:1      | Prayed at the altar of an unknown god.
   842 | D:1      | Became a worshipper of Cheibriados the Contemplative
   842 | D:1      | Reached * piety under Cheibriados
  1327 | D:2      | Reached ** piety under Cheibriados
  1506 | D:2      | Noticed Jessica
  1510 | D:2      | Killed Jessica
  1511 | D:2      | Reached XP level 4. HP: 30/42 MP: 3/3
  1815 | D:3      | Found Gubirgh's Armour Shop.
  1843 | D:3      | Found Dekheqoch's Distillery.
  1854 | D:3      | Bought a potion of heal wounds for 50 gold pieces
  1884 | D:3      | Noticed Natasha
  1891 | D:3      | Killed Natasha
  1923 | D:3      | Reached skill level 1 in Polearms
  2029 | D:3      | Found Buet's Jewellery Emporium.
  2030 | D:3      | Found Isaweate's Jewellery Shoppe.
  2054 | D:3      | Noticed Natasha
  2059 | D:3      | Killed Natasha
  2060 | D:3      | Reached XP level 5. HP: 49/49 MP: 4/4
  2063 | D:3      | Noticed Robin
  2066 | D:3      | Noticed Natasha
  2103 | D:3      | Killed Natasha
  2105 | D:3      | Killed Robin
  2105 | D:3      | Reached *** piety under Cheibriados
  2220 | D:3      | Found Isoas's Armour Shop.
  2242 | D:3      | Noticed Terence
  2323 | D:3      | Killed Terence
  2532 | D:4      | Noticed a lemure
  2533 | D:4      | Noticed a lemure
  2547 | D:3      | Killed a lemure
  2558 | D:3      | Killed a lemure
  2639 | D:4      | Reached XP level 6. HP: 50/59 MP: 5/5
  2675 | D:4      | Noticed Pikel
  2692 | D:4      | Killed Pikel
  2693 | D:4      | Reached skill level 1 in Armour
  2693 | D:4      | Reached skill level 1 in Shields
  2693 | D:4      | Reached XP level 7. HP: 67/67 MP: 6/6
  2877 | D:4      | Noticed Eustachio
  2988 | D:3      | Killed Eustachio
  2989 | D:3      | Reached XP level 8. HP: 75/75 MP: 7/7
  3066 | D:4      | Reached **** piety under Cheibriados
  3173 | D:4      | Found a glowing golden altar of the Shining One.
  3473 | D:4      | Found a hide-covered altar of Uskayaw.
  3554 | D:5      | Entered Level 5 of the Dungeon
  3609 | D:5      | Reached skill level 5 in Shapeshifting
  3862 | D:5      | Found an opulent altar of Gozag.
  3931 | D:5      | Found a glowing silver altar of Zin.
  4088 | D:5      | Reached ***** piety under Cheibriados
  4269 | D:6      | Found a staircase to the Ecumenical Temple.
  4317 | D:6      | Reached XP level 9. HP: 77/84 MP: 8/8
  4425 | D:6      | Noticed a two-headed ogre
  4437 | D:6      | Killed a two-headed ogre
  4438 | D:6      | Reached skill level 5 in Polearms
  4828 | D:6      | Found an ancient bone altar of Kikubaaqudgha.
  4828 | D:6      | Found a bloodstained altar of Trog.
  4943 | D:6      | Found a runed translucent gate.
  4943 | D:6      | Found a runed translucent gate.
  4943 | D:6      | Found a runed translucent gate.
  5031 | D:6      | Noticed Azoth's ghost (amateur GrEE)
  5031 | D:6      | Noticed Daunt's ghost (novice MfAl)
  5031 | D:6      | Noticed zeratav's ghost (novice OpSh)
  5338 | D:7      | You fall into a shaft and drop 1 floor!
  5576 | D:8      | Reached skill level 5 in Dodging
  5583 | D:8      | Reached XP level 10. HP: 48/94 MP: 9/9
  5596 | D:8      | Reached skill level 5 in Fighting
  6834 | D:7      | Found a snail-covered altar of Cheibriados.
  7152 | D:9      | Got The Joy of Incantation
  7205 | D:9      | Noticed a two-headed ogre
  7211 | D:9      | Slain by a two-headed ogre

Illustrated notes

Levels and vault maps discovered:
D:1:      dpeg_arrival_round_a, layout_basic,
          shapermc_ecumenical_altar_hornbeckon, corexii_hall_statues_s
D:2:      layout_basic, uniq_jessica
D:3:      layout_basic, serial_shops, shop, shop, shop, shop, shop,
          nicolae_kite_square_tiling_tiny, minmay_misc_feat_pillars,
          palyth_stone_intersect, uniq_robin, uniq_natasha, uniq_terence
D:4:      layout_rooms, marbit_many_paths, nicolae_tso_carved_into_rock,
          uniq_pikel, uniq_eustachio
D:5:      layout_basic, pdpol_temple_overflow_zin_treasury_gozag_greed
D:6:      layout_basic, gammafunk_temple_overflow_pools, temple_hall,
          gammafunk_ghost_cemetery
D:7:      layout_layer_cave, mainiacjoe_overflow_boulevard
D:8:      minmay_general_purpose_star, layout_loops_corners, minmay_mini_ossuary
D:9:      layout_loops_ring, vehumet_crystals, st_stairs_14

Skill      XL: |  1  2  3  4  5  6  7  8  9 10 |
---------------+-------------------------------+-----
Fighting       | 1 2 3 4 5 |  5.3
Dodging        | 2 3 4 5 |  5.5
Polearms       | 1 2 3 4 5 6 |  6.1
Shapeshifting  | 4 5 6 |  6.6
Armour         | 1 2 4 |  4.5
Shields        | 1 2 3 4 |  4.8
Unarmed Combat | |  3.4

Action                     |  1- 3 |  4- 6 |  7- 9 | 10-12 || total
---------------------------+-------+-------+-------+-------++-------
  Melee: Unarmed           |    82 |       |       |       ||    82
         Trident           |    14 |   105 |   319 |   102 ||   540
         Punch             |     1 |     6 |    14 |    12 ||    33
  Throw: Dart              |       |       |     4 |       ||     4
  Evoke: Wand              |       |       |     2 |       ||     2
    Use: Scroll            |       |     3 |     2 |     3 ||     8
         Potion            |       |     1 |       |       ||     1
   Stab: Sleeping          |     3 |       |     8 |       ||    11
 Armour: Animal skin       |    51 |   119 |   324 |    62 ||   556
         Skin              |       |    10 |    10 |       ||    20
  Dodge: Dodged            |    54 |    65 |   273 |    58 ||   450

Table legend: (Time is in decaauts)
 A = Elapsed time spent in this place.
 B = Non-inter-level travel time spent in this place.
 C = Inter-level travel time spent in this place.
 D = Time resting spent in this place.
 E = Time spent auto-exploring this place.
 F = Levels seen in this place.
 G = Mean time per level.
                   A        B        C        D        E       F      G
               +--------+--------+--------+--------+--------+-----+--------+
         Total |  11078 |  10308 |    770 |    154 |   8263 |   9 | 1230.9 |
       Dungeon |  11078 |  10308 |    770 |    154 |   8263 |   9 | 1230.9 |
               +--------+--------+--------+--------+--------+-----+--------+

Top non-repeatable levels by time:
     D:8: 1914 daAuts
     D:6: 1688 daAuts
     D:7: 1449 daAuts
     D:4: 1354 daAuts
     D:3: 1270 daAuts
     D:2: 1139 daAuts
     D:5: 1091 daAuts
     D:1: 1038 daAuts
     D:9: 131 daAuts
